 Dungeon Crawl Stone Soup version 0.28-a0-724-g66f9036eb4 (webtiles) character file.

Game seed: 3668185706745421712

44 flotson the Sneak (level 3, 0/29 HPs)
             Began as a Demonspawn Delver on Oct 27, 2021.
             Frozen to death by an endoplasm (1 damage)
             ... on level 3 of the Dungeon.
             The game lasted 00:02:16 (525 turns).

flotson the Sneak (Demonspawn Delver)                Turns: 525, Time: 00:02:16

Health: 0/29       AC:  5    Str: 13    XL:     3   Next: 41%
Magic:  3/3        EV: 16    Int: 11    God:
Gold:   0          SH:  0    Dex: 14    Spells: 2/2 levels left

rFire   . . .      SeeInvis .   a - +2 falchion (protect)
rCold   . . .      Faith    .   (no shield)
rNeg    . . .      Spirit   .   e - +0 ring mail
rPois   .          Reflect  .   (no helmet)
rElec   .          Harm     .   (no cloak)
rCorr   .          Rampage  .   (no gloves)
Will    .....                   (no boots)
Stlth   ++........              (no amulet)
HPRegen 0.09/turn               (no ring)
MPRegen 0.08/turn               (no ring)

@: agile
A: powered by pain 1
a: no special abilities


You were on level 3 of the Dungeon.
You visited 1 branch of the dungeon, and saw 3 of its levels.

Inventory:

Hand Weapons
 a - a +2 falchion of protection (weapon)
 d - a +0 hand axe
Armour
 e - a +0 ring mail (worn)
Wands
 g - a wand of digging (1)
 i - a wand of iceblast (6)
Scrolls
 f - a scroll of teleportation {unknown}
 h - a scroll of vulnerability {unknown}


   Skills:
 + Level 3.4 Fighting
 + Level 2.3 Axes
 + Level 1.2 Armour
 + Level 2.3 Dodging
 - Level 4.5 Stealth


You had 2 spell levels left.
You didn't know any spells.
Your spell library was empty.

Dungeon Overview and Level Annotations

Branches:
Dungeon (5/15)             Temple (0/1) D:5

Altars:


Innate Abilities, Weirdness & Mutations

You sometimes gain a little power by taking damage.


Message History

No target in view!
No target in view!
Found a ring mail.
You see here a +0 ring mail.
You start removing your armour.
You continue taking off your +0 leather armour. x4
You finish taking off your +0 leather armour.
You start putting on your armour.
You continue putting on your +0 ring mail. x5
You finish putting on your +0 ring mail.
Drop what? 9/52 slots (_ for help) (? for menu, Esc to quit)
You drop a +0 leather armour. 3 orcs and an orc priest come into view.
The orc priest shouts!
The orc shouts!
You see here a +0 leather armour.
The orc priest invokes the aid of Beogh against you.
Beogh smites you!
The orc priest miscasts a cantrip.
Unknown command.
Found a barding.
The orc priest calls down the wrath of Beogh upon you.
Beogh smites you!
You see here a +0 barding.
An orc comes into view. It is wielding a +3 dagger.
The orc shouts!
An endoplasm comes into view.
The endoplasm moves out of view.
The orc priest calls down the wrath of Beogh upon you.
Beogh smites you!
* * * LOW HITPOINT WARNING * * *
You focus on the pain.
You feel agile all of a sudden.
As you read the scroll of fog, it crumbles to dust.
The scroll dissolves into smoke.
The orc closely misses you. The endoplasm freezes you.
You are frozen.
* * * LOW HITPOINT WARNING * * *
The endoplasm freezes you.
You are frozen.
You die...

######
########§§...#
#.....§§§#
#.#####oo###
###.##.§§§§@.#
#..o...##.J#.#
#[#.#####......
#.#.#####.##.##..
##.#.......# ..
... #..o### ####
### #. ##.## #.#
#o#


You could see 2 orcs and an endoplasm.

Vanquished Creatures
  A howler monkey (D:3)
  A dart slug (D:4)
  An endoplasm (D:3)
  A giant cockroach (D:4)
  A quokka (D:3)
5 creatures vanquished.

Notes
Turn   | Place    | Note
-------+----------+-------------------------------------------
     0 | D:5      | flotson the Demonspawn Delver began the quest for the Orb.
     0 | D:5      | Reached XP level 1. HP: 18/18 MP: 1/1
    28 | D:5      | Noticed a jelly
    45 | D:5      | Noticed an ogre
   297 | D:4      | Noticed a sky beast
   324 | D:4      | Noticed a howler monkey
   384 | D:3      | Killed a howler monkey
   385 | D:3      | Reached skill level 1 in Armour
   385 | D:3      | Gained mutation: You sometimes gain a little power by
                  | taking damage. [demonic ancestry]
   385 | D:3      | Reached XP level 2. HP: 20/24 MP: 2/2
   385 | D:3      | Reached XP level 3. HP: 24/29 MP: 3/3
   524 | D:3      | HP: 1/29 [frozen (1)]
   525 | D:3      | Frozen to death by an endoplasm

Illustrated notes

Levels and vault maps discovered:
D:3:      layout_loops_cross, uniq_sigmund
D:4:      layout_gridville, nicolae_tso_swordbearing_angel, kennysheep_dice
D:5:      layout_basic, kennysheep_mini_moat, minmay_temple_entry_purple_smoke,
          uniq_edmund

Skill      XL: |  1 |
---------------+----+-----
Axes           | 2 |  2.3
Armour         | 1 |  1.2
Dodging        | 2 |  2.3
Fighting       | |  3.4
Stealth        | |  4.5

Action                   || total
-------------------------++-------
Melee: Falchion          ||    12
Evoke: Wand              ||     4
  Use: Scroll            ||     3
       Potion            ||     1
 Stab: Sleeping          ||     1
Armor: Leather armour    ||     5
Dodge: Dodged            ||    11

Table legend: (Time is in decaauts)
 A = Elapsed time spent in this place.
 B = Non-inter-level travel time spent in this place.
 C = Inter-level travel time spent in this place.
 D = Time resting spent in this place.
 E = Time spent auto-exploring this place.
 F = Levels seen in this place.
 G = Mean time per level.
                   A        B        C        D        E       F      G
               +--------+--------+--------+--------+--------+-----+--------+
         Total |    513 |    513 |      0 |     37 |    257 |   3 |  171.0 |
       Dungeon |    513 |    513 |      0 |     37 |    257 |   3 |  171.0 |
               +--------+--------+--------+--------+--------+-----+--------+

Top non-repeatable levels by time:
     D:4: 243 daAuts
     D:3: 194 daAuts
     D:5: 75 daAuts
